 Dungeon Crawl Stone Soup version 0.20.0-1-g1cb1d84 (webtiles) character file.

7358 Gorglomux the Protected (level 10, 0/136 HPs)
             Began as a Minotaur Skald on May 26, 2017.
             Was an Elder of Okawaru.
             Slain by Urug
             ... wielding a +7 scimitar
              (6 damage)
             ... on level 10 of the Dungeon.
             The game lasted 00:25:18 (12178 turns).

Gorglomux the Protected (Minotaur Skald)           Turns: 12178, Time: 00:25:18

Health: 0/136      AC: 28    Str: 21    XL:     10   Next: 91%
Magic:  13/13      EV:  2    Int: 10    God:    Okawaru [****..]
Gold:   1419       SH:  0    Dex: 13    Spells: 10/11 levels left

rFire    . . .     SeeInvis .   U - -1 hand axe (curse)
rCold    . . .     Gourm    .   (no shield)
rNeg     + + +     Faith    .   (armour currently unavailable)
rPois    +         Spirit   .   (helmet currently unavailable)
rElec    .         Reflect  .   (cloak currently unavailable)
rCorr    .         Harm     .   (gloves currently unavailable)
MR       .....     NoTele   +   (boots currently unavailable)
Stlth    +++.......             (no amulet)
Regen    0.4/turn               o - ring of poison resistance
MPRegen  0.2/turn               X - +3 ring of protection (curse)

@: mighty, tree-form, heroism
A: (retaliatory headbutt)
a: Heroism, Renounce Religion


You were on level 10 of the Dungeon.
You worshipped Okawaru.
Okawaru was greatly pleased with you.
You were not hungry.
You were a tree.
You visited 1 branch of the dungeon, and saw 10 of its levels.
You also visited: Bailey.

You collected 1419 gold pieces.

Inventory:

Hand Weapons
 a - a +0 hand axe
 U - a cursed -1 hand axe (weapon)
 W - a +0 war axe
Armour
 l - a +0 ring mail
 N - a +0 plate armour (melded)
 P - a cursed +0 cloak (melded)
 Q - a +2 pair of gloves (melded)
Jewellery
 o - a ring of poison resistance (left branch)
 O - an uncursed ring of ice
 X - a cursed +3 ring of protection (right branch)
Wands
 C - a wand of confusion (48/48)
 E - a wand of enslavement (4/24)
 I - a wand of iceblast (3/15)
Scrolls
 k - 4 scrolls of fog
 q - 2 scrolls of enchant armour
 F - a scroll of blinking {unknown}
 H - a scroll of recharging
 K - a scroll of remove curse {unknown}
 M - a scroll of magic mapping
 R - 2 scrolls of identify
 T - a scroll of teleportation
Potions
 j - a potion of lignification
 L - a potion of flight
 S - 2 potions of resistance
 Y - 3 potions of brilliance
Books
 c - a book of Battle

   Spells                             Type                      Level
   a - Infusion                       Charms                       1
   b - Shroud of Golubria             Charms/Translocation         2
   c - Song of Slaying                Charms                       2
   d - Spectral Weapon                Hexes/Charms                 3
   e - Regeneration                   Charms/Necromancy            3
Comestibles
 d - 7 bread rations
 z - 2 meat rations
 G - 2 chunks of flesh
 J - a royal jelly
 V - 5 fruits


   Skills:
 + Level 9.5(14.5) Fighting
 + Level 9.5(14.5) Axes
 + Level 9.8(14.8) Armour
 + Level 9.0(14.0) Dodging
 - Level 1.3 Spellcasting
 - Level 2.0 Charms
 + Level 5.9 Invocations


You had 10 spell levels left.
You knew the following spells:

 Your Spells              Type           Power        Failure   Level  Hunger
a - Infusion              Chrm           #...         14%         1    ##.....


Dungeon Overview and Level Annotations

Branches:
Dungeon (10/15)            Temple (0/1) D:7            Lair (0/6) D:9
    Orc (0/2) D:9

Altars:
Dithmenos
Hepliaklqana
Makhleb
Nemelex Xobeh
Okawaru
Qazlal
Sif Muna
Trog
Uskayaw
Vehumet
Yredelemnul
Zin
Beogh

Annotations:
D:8 Caillou112's ghost, novice MiBe
D:10 Urug


Innate Abilities, Weirdness & Mutations

((You reflexively headbutt those who attack you in melee.))
((You have a pair of horns on your head.))


Message History

You hit something. You hit something but do no damage.
Something hits you but does no damage.
You miss something. You slash something! Something hits you but does no damage.
You closely miss something. You punch something. You hit something.
You punch something. Something hits you.
* * * LOW HITPOINT WARNING * * *
You feel much better. Something hits you!
* * * LOW HITPOINT WARNING * * *
You closely miss something. You barely miss something. Something hits you.
* * * LOW HITPOINT WARNING * * *
You miss something. You closely miss something.
Something hits you but does no damage.
You hit something. You slash something! Something hits you!
* * * LOW HITPOINT WARNING * * *
You hit something but do no damage. You closely miss something.
Something hits you.
You die...

####... ....... ##....
# ##..... {# ##...>.#
###.# #......> #...# #
##.....# #{########
##..... #.♣......#
#.....# ####..####
#...### #..#######...#
#..#..(...(..#
#............#
#...........##
########....).......###
#...........###.......#
#.########..# #.#####..


There were no monsters in sight!

Vanquished Creatures
  A two-headed ogre (D:9)
  The ghost of melvinkitnick the Grappler, a novice TrMo of Makhleb (D:6)
  A troll (D:10)
  Grinder (D:3)
  A hippogriff (D:10)
  The ghost of cereshysteria the Skirmisher, an amateur NaFi (D:4)
  A wyvern (D:9)
  A basilisk (D:10)
  5 yaks (D:9)
  A water moccasin (D:8)
  Duvessa (D:4)
  8 orc warriors
  An ice beast (D:9)
  A black bear (D:7)
  2 sky beasts
  A phantom (D:4)
  3 centaurs
  5 ogres
  2 crocodiles
  A big kobold (D:10)
  9 bullfrogs
  Dowan (D:4)
  3 howler monkeys
  2 crimson imps
  A bullfrog zombie (D:5)
  2 quasits
  7 hounds
  A centaur skeleton (D:10)
  9 orc priests
  A jelly (D:10)
  11 orc wizards
  Jessica (D:3)
  Ijyb (D:3)
  Terence (D:2)
  3 iguanas
  9 worker ants
  A killer bee zombie (D:6)
  3 howler monkey skeletons
  13 adders
  A shadow imp (D:6)
  An ooze (D:6)
  An adder zombie (D:9)
  2 adder skeletons
  6 worms
  3 dart slugs
  5 leopard geckos
  44 orcs
  A ball python (D:2)
  8 giant cockroaches
  12 goblins
  9 hobgoblins
  6 jackals
  8 quokkas
  8 bats
  8 frilled lizards
  22 kobolds
  2 leopard gecko skeletons
  6 rats
  A plant (D:3)
272 creatures vanquished.

Notes
Turn   | Place    | Note
-------+----------+-------------------------------------------
     0 | D:1      | Gorglomux the Minotaur Skald began the quest for the Orb.
     0 | D:1      | Reached XP level 1. HP: 18/18 MP: 1/1
   153 | D:1      | Reached XP level 2. HP: 21/25 MP: 3/3
   674 | D:2      | Reached XP level 3. HP: 26/30 MP: 4/4
   693 | D:2      | Found an iron altar of Okawaru.
   743 | D:2      | Became a worshipper of Warmaster Okawaru
   779 | D:2      | Reached skill level 3 in Axes
   826 | D:2      | Noticed Terence
   857 | D:2      | Killed Terence
   857 | D:2      | Reached skill level 3 in Fighting
   857 | D:2      | Reached skill level 3 in Dodging
   949 | D:2      | Reached XP level 4. HP: 38/38 MP: 5/5
  1745 | D:2      | Reached skill level 3 in Armour
  2035 | D:3      | Found a shadowy altar of Dithmenos.
  2035 | D:3      | Found a stormy altar of Qazlal.
  2042 | D:3      | Found a basalt altar of Yredelemnul.
  2044 | D:3      | Found a faded altar of an unknown god.
  2046 | D:3      | Found a glowing silver altar of Zin.
  2170 | D:3      | Noticed Jessica
  2185 | D:3      | Killed Jessica
  2185 | D:3      | Reached XP level 5. HP: 36/45 MP: 1/6
  2245 | D:3      | Noticed Grinder
  2260 | D:3      | Killed Grinder
  2260 | D:3      | Reached * piety under Okawaru
  2260 | D:3      | Reached XP level 6. HP: 22/52 MP: 1/7
  2361 | D:3      | Noticed Ijyb
  2381 | D:3      | Killed Ijyb
  2424 | D:3      | Found a hazy altar of Hepliaklqana.
  3614 | D:3      | Reached XP level 7. HP: 60/60 MP: 5/8
  3753 | D:4      | Noticed cereshysteria's ghost (amateur NaFi)
  3776 | D:4      | Killed cereshysteria's ghost
  3776 | D:4      | Reached ** piety under Okawaru
  3886 | D:4      | Noticed Duvessa
  3887 | D:4      | Noticed Dowan
  3932 | D:4      | Killed Duvessa
  3954 | D:4      | HP: 3/61 [Dowan/stone arrow (14)]
  3955 | D:4      | HP: 1/61 [Dowan/dagger (2)]
  3961 | D:4      | Killed Dowan
  3961 | D:4      | Reached skill level 6 in Axes
  4161 | D:4      | Reached XP level 8. HP: 69/69 MP: 9/9
  4226 | D:4      | Found a burning altar of Makhleb.
  4310 | D:4      | Found a deep blue altar of Sif Muna.
  4449 | D:4      | Reached skill level 6 in Armour
  4481 | D:4      | Reached skill level 6 in Fighting
  4594 | D:5      | Entered Level 5 of the Dungeon
  4667 | D:5      | Found a hide-covered altar of Uskayaw.
  4742 | D:5      | Found a bloodstained altar of Trog.
  4830 | D:5      | Reached skill level 6 in Dodging
  5344 | D:6      | Noticed melvinkitnick's ghost (novice TrMo)
  5658 | D:6      | Killed melvinkitnick's ghost
  5658 | D:6      | Reached *** piety under Okawaru
  5721 | D:6      | Reached XP level 9. HP: 71/79 MP: 8/10
  6477 | D:7      | Reached skill level 3 in Invocations
  6524 | D:7      | Found a sparkling altar of Nemelex Xobeh.
  6553 | D:7      | Found a flagged portal.
  6605 | D:7      | Reached **** piety under Okawaru
  6865 | Bailey   | Entered a bailey
  6928 | Bailey   | Noticed an orc knight
  6993 | Bailey   | HP: 4/81 [orc warrior/war axe (5)]
  7548 | D:7      | Found a staircase to the Ecumenical Temple.
  7825 | D:8      | Noticed Caillou112's ghost (novice MiBe)
  8892 | D:8      | Reached XP level 10. HP: 57/90 MP: 12/12
  9329 | D:8      | Found a radiant altar of Vehumet.
  9437 | D:9      | Found a staircase to the Lair.
 10167 | D:9      | Noticed a two-headed ogre
 10194 | D:9      | Killed a two-headed ogre
 10309 | D:9      | Found a staircase to the Orcish Mines.
 10323 | D:9      | Found a roughly hewn altar of Beogh.
 10431 | D:8      | Reached skill level 9 in Armour
 10765 | D:9      | Reached skill level 9 in Axes
 11000 | D:9      | Reached skill level 9 in Fighting
 11711 | D:10     | Entered Level 10 of the Dungeon
 12003 | D:10     | Reached skill level 9 in Dodging
 12136 | D:10     | Noticed Urug
 12163 | D:10     | HP: 6/136 [something (2)]
 12169 | D:10     | HP: 6/136 [something (1)]
 12176 | D:10     | HP: 5/136 [something (9)]
 12178 | D:10     | Slain by Urug

Skill      XL: |  1  2  3  4  5  6  7  8  9 10 |
---------------+-------------------------------+-----
Armour         | 2 3 4 5 7 8 9 |  9.8
Axes           | 3 4 5 6 7 8 9 |  9.5
Fighting       | 3 4 5 7 8 9 |  9.5
Dodging        | 3 4 5 6 7 9 |  9.0
Invocations    | 2 4 5 |  5.9
Spellcasting   | |  1.3
Charms         | |  2.0

Action                   |  1- 3 |  4- 6 |  7- 9 | 10-12 || total
-------------------------+-------+-------+-------+-------++-------
Melee: Hand axe          |    63 |   209 |   542 |   373 ||  1187
       Headbutt          |    12 |    29 |    94 |    85 ||   220
       Punch             |       |     1 |     5 |     6 ||    12
Throw: Javelin           |       |     1 |    15 |       ||    16
       Tomahawk          |       |       |     2 |       ||     2
 Cast: Infusion          |     2 |     3 |       |       ||     5
Invok: Heroism           |       |     2 |    11 |    10 ||    23
Evoke: Wand              |       |       |     2 |     4 ||     6
  Use: Scroll            |       |     4 |    13 |     2 ||    19
       Potion            |       |     1 |     7 |     3 ||    11
  Eat: Chunk             |       |     8 |    16 |     9 ||    33
       Royal jelly       |       |       |     1 |     1 ||     2
Armor: Leather armour    |     6 |       |       |       ||     6
       Ring mail         |     8 |    51 |   158 |    19 ||   236
       Skin              |       |       |    35 |     4 ||    39
       Plate armour      |       |       |       |   147 ||   147
Dodge: Dodged            |    45 |   122 |   408 |   152 ||   727
